 Dungeon Sprint DCSS version 0.27-a0-54-g64bdb92e38 (webtiles) character file.

Game seed: 13574364702283432144

126 mhtbhm the Covered (level 4, 0/47 HPs)
             Began as a Minotaur Fighter on Jan 8, 2021.
             Succumbed to a worker ant's poison
             ... in the Dungeon (Sprint IX: "|||||||||||||||||||||||||||||").
             The game lasted 00:00:19 (169 turns).

mhtbhm the Covered (Minotaur Fighter)                Turns: 169, Time: 00:00:20

Health: 0/47       AC:  7    Str: 22    XL:     4   Next: 83%
Magic:  3/3        EV:  8    Int:  5    God:
Gold:   0          SH: 10    Dex:  9    Spells: 3/3 levels left

rFire    . . .     SeeInvis .   a - +0 long sword
rCold    . . .     Faith    .   c - +0 kite shield
rNeg     . . .     Spirit   .   b - +0 scale mail
rPois    .         Reflect  .   (helmet restricted)
rElec    .         Harm     .   (no cloak)
rCorr    .         Rampage  .   (no gloves)
Will     .....     NoTele   +   (no boots)
Stlth    ..........             (no amulet)
HPRegen  0.15/turn              (no ring)
MPRegen  0.08/turn              (no ring)

@: lethally poisoned (0 -> -7), berserk cooldown, slowed, very slow
A: retaliatory headbutt, horns 2
a: no special abilities


You were in the Dungeon.
You visited 1 branch

Inventory:

Hand Weapons
 a - a +0 long sword (weapon)
Armour
 b - a +0 scale mail (worn)
 c - a +0 kite shield (worn)
Scrolls
 j - a scroll of blinking
Potions
 d - a potion of might
 e - a potion of curing
 f - a potion of heal wounds
 g - a potion of haste
 h - 2 potions of magic


   Skills:
 + Level 7.0 Fighting
 + Level 5.7 Long Blades
 + Level 7.2 Armour
 + Level 6.5 Shields


You had 3 spell levels left.
You didn't know any spells.
Your spell library was empty.

Dungeon Overview and Level Annotations

Branches:
Dungeon (1/1)

Altars:


Innate Abilities, Weirdness & Mutations

You reflexively headbutt those who attack you in melee.
You have a pair of horns on your head.


Message History

You block the worker ant's attack. The worker ant closely misses you.
You riposte.
You hit the worker ant. Your headbutt misses the worker ant.
The worker ant is severely wounded.
You barely miss the worker ant.
The worker ant is severely wounded.
You block the worker ant's attack. x2
You closely miss the worker ant.
The worker ant is severely wounded.
The worker ant bites you.
* * * LOW HITPOINT WARNING * * *
The worker ant barely misses you.
You closely miss the worker ant. Your headbutt misses the worker ant.
The worker ant is severely wounded.
The worker ant bites you.
* * * LOW HITPOINT WARNING * * *
You are lethally poisoned!
The worker ant poisons you! You block the worker ant's attack.
You hit the worker ant.
You kill the worker ant!
You die...

▓+▓
▓.▓
▓.▓
▓Z▓
▓)▓
▓@▓
▓'▓
▓.▓
▓.▓
▓.▓
▓)▓
▓.▓
▓(▓
▓.▓


You could see an adder skeleton.

Vanquished Creatures
  A sky beast (D)
  An orc wizard (D)
  A worker ant (D)
  An orc (D)
  2 hobgoblins (D)
  2 kobolds (D)
  A rat (D)
9 creatures vanquished.

Notes
Turn   | Place    | Note
-------+----------+-------------------------------------------
     0 | D        | mhtbhm the Minotaur Fighter began the quest for the Orb.
     0 | D        | Reached XP level 1. HP: 19/19 MP: 0/0
   149 | D        | Noticed a worker ant
   149 | D        | Noticed an orc wizard
   149 | D        | Noticed a sky beast
   157 | D        | Killed a sky beast
   158 | D        | Reached XP level 2. HP: 9/31 MP: 1/1
   158 | D        | Reached XP level 3. HP: 11/38 MP: 2/2
   158 | D        | Reached XP level 4. HP: 13/45 MP: 3/3
   164 | D        | Reached skill level 5 in Long Blades
   168 | D        | HP: 1/47 [worker ant (4)]
   169 | D        | Succumbed to a worker ant's poison

Illustrated notes

Levels and vault maps discovered:
D:        linesprint [early_d, line_temple, items_1, d_10, items_2, lair_1,
          lair_end, items_3, orc_1, orc_end, items_4, d_15, swamp_1, shoals_1,
          snake_1, spider_1, d_20, vaults_1, items_5, swamp_end, shoals_end,
          snake_end, spider_end, vaults_end, d_27, items_6, zot_1, zot_end,
          crypt_end, forest_end, elf_end, slime_end, tomb_end, abyss_end,
          pan_hell_end]

Skill      XL: |  1  2  3  4 |
---------------+-------------+-----
Fighting       | 6 7 |  7.0
Armour         | 6 7 |  7.2
Shields        | 6 |  6.5
Long Blades    | 4 5 |  5.7

Action                   |  1- 3 |  4- 6 || total
-------------------------+-------+-------++-------
Melee: Long sword        |    19 |    11 ||    30
       Headbutt          |     1 |     2 ||     3
  Use: Potion            |     1 |       ||     1
Armor: Scale mail        |     5 |     4 ||     9
Dodge: Dodged            |     4 |     2 ||     6
Block: Kite shield       |     5 |     5 ||    10
       Rpst.: Long sword |     1 |     1 ||     2

Table legend: (Time is in decaauts)
 A = Elapsed time spent in this place.
 B = Non-inter-level travel time spent in this place.
 C = Inter-level travel time spent in this place.
 D = Time resting spent in this place.
 E = Time spent auto-exploring this place.
 F = Levels seen in this place.
 G = Mean time per level.
                   A        B        C        D        E       F      G
               +--------+--------+--------+--------+--------+-----+--------+
         Total |    177 |    177 |      0 |    126 |      3 |   1 |  177.0 |
       Dungeon |    177 |    177 |      0 |    126 |      3 |   1 |  177.0 |
               +--------+--------+--------+--------+--------+-----+--------+

Top non-repeatable levels by time:
       D: 177 daAuts
